 Dungeon Crawl Stone Soup version 0.30-b1-2-g02819fbbbe (webtiles) character file.

Game seed: 17756797010767406790

299 Alarkh the Insei (level 6, -5/48 HPs)
             Began as a Demonspawn Delver on May 22, 2023.
             Slain by an ogre
             ... wielding a +0 giant club
              (13 damage)
             ... on level 4 of the Dungeon.
             The game lasted 00:04:49 (2824 turns).

Alarkh the Insei (Demonspawn Delver)                Turns: 2824, Time: 00:04:50

Health: -5/48      AC: 12    Str: 13    XL:     6   Next: 13%
Magic:  6/6        EV:  8    Int: 13    God:
Gold:   157        SH:  4    Dex: 14    Spells: 5/5 levels left

rFire   + +          .
                       - Unarmed
rCold   x . .        s - +0 buckler
rNeg    . . .        n - +0 fire dragon scales
rPois   .            (no helmet)
rElec   .            t - +0 cloak
rCorr   .            p - +0 pair of gloves
SInv    .            q - +0 pair of boots
Will    .....        (no amulet)
Stlth   +            (no ring)
HPRegen 0.28/turn    (no ring)
MPRegen 0.10/turn

%: no passive effects
@: no status effects
A: claws 1, rugged brown scales 1
a: no special abilities


You were on level 4 of the Dungeon.
You visited 1 branch of the dungeon, and saw 5 of its levels.

You collected 157 gold pieces.

Inventory:

Armour
 n - +0 fire dragon scales (worn)
 p - a +0 pair of gloves (worn)
 q - a +0 pair of boots (worn)
 s - a +0 buckler (worn)
 t - a +0 cloak (worn)
Wands
 f - a wand of digging (3)
Scrolls
 a - a scroll of brand weapon {unknown}
 b - 2 scrolls of fog
 c - a scroll of magic mapping
 d - a scroll of fear
 k - a scroll of summoning {unknown}
 m - a scroll of teleportation {unknown}
 o - 2 scrolls of vulnerability
 r - a scroll of identify
Potions
 e - a potion of haste
 g - a potion of degeneration
 h - 2 potions of mutation
 i - 2 potions of heal wounds
 j - 2 potions of magic
 l - 2 potions of curing
 u - 2 potions of brilliance


   Skills:
 + Level 3.4 Fighting
 + Level 1.3 Armour
 + Level 2.3 Dodging
 - Level 4.5 Stealth
 + Level 1.2 Shields
 * Level 4.9 Unarmed Combat


You had 5 spell levels left.
You didn't know any spells.
Your spell library contained the following spells:

 Spells                   Type           Power      Damage    Failure   Level
 Olgreb's Toxic Radiance  Pois           0%         N/A       100%        4
 Discord                  Hex            0%         N/A       100%        8
 Ignition                 Fire           0%         3d3       100%        8


Dungeon Overview and Level Annotations

Branches:
Dungeon (5/15)
 Temple: D:4-7

Altars:


Innate Abilities, Weirdness & Mutations

You have sharp fingernails.
You are partially covered in rugged brown scales. (AC +1, +3% HP)


Message History

A hound is nearby!
You hit the hound.
You kill the hound!
No target in view!
You see here a hound corpse.
You see here a hound corpse.
Found a stone staircase leading down.
An ogre comes into view. It is wielding a +0 giant club.
Found 11 gold pieces.
The ogre shouts!
An ogre is nearby!
Okay, then.
You hit the ogre.
The ogre is lightly wounded.
The ogre hits you with a +0 giant club!
You hit the ogre.
The ogre is moderately wounded.
You hit the ogre but do no damage.
The ogre is moderately wounded.
You block the ogre's attack.
You hit the ogre.
The ogre is heavily wounded.
The ogre hits you but does no damage.
You hit the ogre.
The ogre is heavily wounded.
You hit the ogre.
The ogre is heavily wounded.
The ogre hits you with a +0 giant club.
You completely miss the ogre.
The ogre is heavily wounded.
The ogre hits you with a +0 giant club!!
Ouch! That really hurt!
* * * LOW HITPOINT WARNING * * *
You are too injured to fight recklessly!
You hit the ogre.
The ogre is severely wounded.
You punch the ogre!
The ogre is almost dead.
The ogre hits you with a +0 giant club!
You die...

##### ....# ...)#####
........#####
............## ##
....#####†...####.##
....#..............#####
......#######..##...>..#
....### ##..@O# . ....#
##...?...# ....#
#.#...### ### ###...
..##..# #.#####. #.###
.... ..# #.#..... #.#
..### .## #....... ..#
..$ # # #....... .... #.
######.....(. #
#.##....<.......


You could see an ogre.

Vanquished Creatures
  An ogre (D:4)
  A hound (D:4)
  An orc priest (D:3)
  An orc wizard (D:3)
  5 adders
  2 dart slugs (D:2)
  7 orcs
  3 ball pythons
  3 endoplasms
  5 giant cockroaches
  12 hobgoblins
  4 jackals (D:2)
  2 quokkas
  3 bats (D:1)
  2 frilled lizards (D:2)
  9 goblins
  4 kobolds
  6 rats
71 creatures vanquished.

Notes
Turn   | Place    | Note
-------+----------+-------------------------------------------
     0 | D:5      | Alarkh the Demonspawn Delver began the quest for the Orb.
     0 | D:5      | Reached XP level 1. HP: 18/18 MP: 1/1
    24 | D:5      | Noticed a scorpion
    58 | D:4      | Noticed an orc wizard
    58 | D:4      | Noticed an orc priest
   221 | D:1      | Gained mutation: You are partially covered in rugged brown
                  | scales. (AC +1, +3% HP) [demonic ancestry]
   221 | D:1      | Reached XP level 2. HP: 13/24 MP: 2/2
   897 | D:1      | Gained mutation: You have sharp fingernails. [demonic
                  | ancestry]
   897 | D:1      | Reached XP level 3. HP: 18/29 MP: 3/3
  1268 | D:2      | Reached XP level 4. HP: 36/36 MP: 4/4
  2288 | D:3      | Reached XP level 5. HP: 42/42 MP: 5/5
  2615 | D:4      | Noticed an ogre
  2624 | D:4      | Killed an ogre
  2625 | D:4      | Reached skill level 1 in Armour
  2625 | D:4      | Reached skill level 1 in Shields
  2625 | D:4      | Reached XP level 6. HP: 20/48 MP: 6/6
  2824 | D:4      | Slain by an ogre

Illustrated notes

Levels and vault maps discovered:
D:1:      dpeg_arrival_subterranean_lakeside_camping, layout_rooms
D:2:      layout_basic
D:3:      layout_rooms, minmay_fractal_squares_5
D:4:      layout_rooms, lemuel_temple_firewalk_a, minmay_puff
D:5:      layout_basic

Skill      XL: |  1  2  3  4  5 |
---------------+----------------+-----
Unarmed Combat | 2 3 4 |  4.9
Dodging        | 2 |  2.3
Armour         | 1 |  1.3
Shields        | 1 |  1.2
Fighting       | |  3.4
Stealth        | |  4.5

Action                     |  1- 3 |  4- 6 || total
---------------------------+-------+-------++-------
  Melee: Unarmed           |   145 |   132 ||   277
         Punch             |     3 |     1 ||     4
    Use: Scroll            |     5 |     3 ||     8
         Potion            |     3 |     3 ||     6
   Stab: Sleeping          |     3 |       ||     3
 Armour: Leather armour    |    13 |       ||    13
         Fire dragon scale |    35 |    69 ||   104
  Dodge: Dodged            |    63 |    46 ||   109
  Block: Buckler           |       |    12 ||    12
